 Dungeon Crawl Stone Soup version 0.29.0-3-gbb0933ed62 (webtiles) character file.

Game seed: 1284997207042561659

195 Persephone the Shooter (level 5, 0/28 (32) HPs)
             Began as a Deep Elf Hunter on Aug 25, 2022.
             Slain by an adder (2 damage)
             ... on level 4 of the Dungeon.
             The game lasted 00:04:22 (3147 turns).

Persephone the Shooter (Deep Elf Hunter)            Turns: 3147, Time: 00:04:23

HP:   0/28 (32)     AC: 12    Str:  8    XL:     5   Next: 45%
MP:   7/7           EV:  3    Int: 14    God:
Gold: 169           SH:  0    Dex: 20    Spells: 4/4 levels left

rFire   . . .      SeeInvis .   a - +0 shortbow
rCold   . . .      Faith    .   (shield currently unavailable)
rNeg    . . .      Spirit   .   d - +1 shadow dragon scales
rPois   .          Reflect  .   (no helmet)
rElec   .          Harm     .   (no cloak)
rCorr   .          Rampage  .   (no gloves)
Will    .....                   (no boots)
Stlth   +++.......              (no amulet)
HPRegen 0.09/turn               (no ring)
MPRegen 0.10/turn               (no ring)

@: lethally poisoned (0 -> -4), heavily drained
A: no striking features
a: no special abilities


You were on level 4 of the Dungeon.
You visited 1 branch of the dungeon, and saw 4 of its levels.

You collected 169 gold pieces.

Inventory:

Hand Weapons
 a - a +0 shortbow (weapon)
Armour
 c - a +0 leather armour
 d - +1 shadow dragon scales (worn)
Jewellery
 i - a +6 ring of intelligence
 p - a ring of positive energy
Scrolls
 b - a scroll of immolation
 e - 2 scrolls of teleportation {unknown}
 f - 2 scrolls of blinking
 l - a scroll of silence {unknown}
 m - a scroll of fear {unknown}
 n - a scroll of identify
Potions
 g - 3 potions of curing
 h - a potion of brilliance {unknown}
 j - 3 potions of heal wounds {unknown}
 k - 3 potions of haste {unknown}
 o - a potion of ambrosia {unknown}
 q - a potion of degeneration {unknown}


   Skills:
 + Level 3.5 Fighting
 + Level 7.3 Ranged Weapons
 - Level 2.4 Dodging
 - Level 1.2 Stealth


You had 4 spell levels left.
You didn't know any spells.
Your spell library was empty.

Dungeon Overview and Level Annotations

Branches:
Dungeon (4/15)
 Temple: D:4-7

Altars:

Shops:
D:2 (   D:4 ((


Message History

You shoot an arrow. The arrow hits the necrophage.
The necrophage is moderately damaged.
The necrophage hits you but does no damage.
The adder bites you but does no damage.
The necrophage hits you but does no damage.
You shoot an arrow. The arrow hits the necrophage.
The necrophage is moderately damaged.
The adder bites you.
The necrophage hits you but does no damage.
The adder bites you.
You are poisoned.
The adder poisons you! The necrophage hits you.
You feel drained.
You shoot an arrow. The arrow hits the necrophage!
The necrophage is severely damaged.
You feel very sick. The adder bites you.
You are more poisoned.
The adder poisons you! The adder bites you but does no damage.
The necrophage hits you but does no damage.
The adder bites you.
* * * LOW HITPOINT WARNING * * *
You are lethally poisoned!
The adder poisons you!
The necrophage hits you but does no damage.
You are too injured to fight recklessly!
You are too injured to fight recklessly!
* * * LOW HITPOINT WARNING * * *
You feel sick. The adder attacks as you move away! The adder barely misses you.
* * * LOW HITPOINT WARNING * * *
You feel sick. The adder bites you but does no damage.
Fire: a) +0 shortbow
Press: ? - help, Shift-Dir - straight line, f/p - necrophage
Aim: a necrophage (severely damaged, 66% to hit)
You shoot an arrow. The arrow hits the adder!
The adder is almost dead.
* * * LOW HITPOINT WARNING * * *
You feel very sick. The adder bites you.
You die...

### ### ### #.. ..# #..
#.# #.# #.# #.# #.# #.#
#.# #.# #.# #.# #.# #.#
##.# #.#########.######.
...#####........@Sn.......
##...)...#####.###........
##.###########.# ########.
...# ........)# ####
.........# ## .........#
.# ########.# .# #.# .#
#.#


You could see a necrophage and an adder.

Vanquished Creatures
  A scorpion (D:3)
  7 adders
  4 dart slugs
  2 orcs (D:4)
  7 ball pythons
  7 endoplasms
  A giant cockroach (D:1)
  6 goblins
  5 hobgoblins
  2 jackals (D:4)
  6 kobolds
  3 quokkas
  5 bats
  3 frilled lizards
  2 rats
61 creatures vanquished.

Notes
Turn   | Place    | Note
-------+----------+-------------------------------------------
     0 | D:1      | Persephone the Deep Elf Hunter began the quest for the Orb.
     0 | D:1      | Reached XP level 1. HP: 12/12 MP: 3/3
   150 | D:1      | Reached XP level 2. HP: 17/17 MP: 4/4
   236 | D:1      | Found a faded altar of an unknown god.
   344 | D:1      | Reached skill level 6 in Ranged Weapons
   355 | D:1      | Reached XP level 3. HP: 21/21 MP: 5/5
   962 | D:2      | Found Fuit's Weapon Shop.
  1826 | D:3      | Reached XP level 4. HP: 27/27 MP: 6/6
  1848 | D:3      | Noticed a scorpion
  1852 | D:3      | Killed a scorpion
  1853 | D:3      | Reached skill level 7 in Ranged Weapons
  1853 | D:3      | Reached XP level 5. HP: 32/32 MP: 7/7
  2907 | D:4      | Found Laoki's Weapon Boutique.
  2966 | D:4      | Found Saemn's Weapon Emporium.
  2979 | D:4      | Identified the +8 dagger "Feemuaho" {vorpal, Stlth+}
  3147 | D:4      | Slain by an adder

Illustrated notes

Levels and vault maps discovered:
D:1:      saegor_arrival_simple_d, layout_loops_ring,
          nicolae_ecumenical_lake_church
D:2:      layout_basic, serial_shops, nicolae_shop_bloodbath_and_beyond
D:3:      mumra_celtic_spiral_tile, layout_basic
D:4:      layout_basic, serial_shops,
          nicolae_shop_temple_entry_statues_fountains, nicolae_shop_statue_plus,
          serial_bayou_pond_c

Skill      XL: |  1  2  3  4 |
---------------+-------------+-----
Fighting       | 2 3 |  3.5
Ranged Weapons | 6 7 |  7.3
Dodging        | |  2.4
Stealth        | |  1.2

Action                   |  1- 3 |  4- 6 || total
-------------------------+-------+-------++-------
 Fire: Shortbow          |   100 |    48 ||   148
  Use: Scroll            |     7 |       ||     7
Armor: Shadow dragon sca |    44 |    28 ||    72
Dodge: Dodged            |    20 |     4 ||    24
